 Dungeon Crawl Stone Soup version 0.26.0-10-g1f06aea511 (webtiles) character file.

Game seed: 11391439104435915509

452 Froggeryz the Cudgeller (level 7, -4/40 HPs)
             Began as a Gargoyle Hedge Wizard on Jan 14, 2021.
             Slain by Sigmund
             ... wielding a +0 scythe
              (7 damage)
             ... on level 3 of the Dungeon.
             The game lasted 00:07:37 (5863 turns).

Froggeryz the Cudgeller (Gargoyle Hedge Wizard)     Turns: 5863, Time: 00:07:38

Health: -4/40      AC: 11    Str: 15    XL:     7   Next: 5%
Magic:  11/11      EV:  9    Int: 15    God:
Gold:   221        SH:  4    Dex:  9    Spells: 11/12 levels left

rFire    . . .     SeeInvis .   e - +0 mace
rCold    . . .     Faith    .   c - +0 buckler
rNeg     + . .     Spirit   .   o - +0 scale mail
rPois    ∞         Reflect  .   l - +0 helmet
rElec    +         Harm     .   (no cloak)
rCorr    .         Rampage  .   (no gloves)
Will     .....                  (no boots)
Stlth    ..........             (no amulet)
HPRegen  0.13/turn              (no ring)
MPRegen  0.12/turn              (no ring)

@: no status effects
A: negative energy resistance 1, electricity resistance, unbreathing,
petrification resistance, miasma immunity, AC +4
a: no special abilities


You were on level 3 of the Dungeon.
You visited 1 branch of the dungeon, and saw 4 of its levels.

You collected 221 gold pieces.

Inventory:

Hand Weapons
 e - a +0 mace (weapon)
Armour
 c - a +0 buckler (worn)
 l - a +0 helmet (worn)
 o - a +0 scale mail (worn)
Scrolls
 b - a scroll of enchant weapon
 f - a scroll of remove curse {unknown}
 g - a scroll of blinking
 i - a scroll of fear
 j - 2 scrolls of enchant armour
 k - a scroll of magic mapping
 p - a scroll of noise
Potions
 n - a potion of flight


   Skills:
 - Level 2.1 Fighting
 * Level 5.4 Maces & Flails
 - Level 1.5 Dodging
 - Level 2.1 Stealth
 + Level 3.7 Shields
 - Level 3.0 Spellcasting
 - Level 1.1 Conjurations
 - Level 0.8 Summonings
 - Level 0.8 Translocations


You had 11 spell levels left.
You knew the following spells:

 Your Spells              Type           Power        Failure   Level
a - Magic Dart            Conj           20%          50%         1

Your spell library contained the following spells:

 Spells                   Type           Power        Failure   Level
 Blink                    Tloc           N/A          67%         2
 Call Imp                 Summ           4%           67%         2
 Slow                     Hex            2%           78%         2
 Conjure Flame            Conj/Fire      3%           91%         3
 Mephitic Cloud           Conj/Pois/Air  3%           92%         3


Dungeon Overview and Level Annotations

Branches:
Dungeon (4/15)
 Temple: D:4-7

Altars:
Nemelex Xobeh

Annotations:
D:2 Grinder
D:3 Sigmund
D:4 2 runed translucent doors, KamiKatze's ghost, amateur GrAr


Innate Abilities, Weirdness & Mutations

You are resistant to torment.
Your stone body is resilient. (AC +4)
You are immune to poison.
You resist negative energy. (rN+)
You are resistant to electric shocks. (rElec)
You can survive without breathing.
You are immune to petrification.
You are immune to miasma.


Message History

You hit Sigmund but do no damage.
Sigmund is heavily wounded.
Sigmund hits you with a +0 scythe.
You closely miss Sigmund.
Sigmund is heavily wounded.
Sigmund looks more healthy.
Sigmund gestures at you while chanting. You resist with some effort.
You closely miss Sigmund.
Sigmund is severely wounded.
Sigmund hits you with a +0 scythe.
You hit Sigmund.
Sigmund is severely wounded.
Sigmund gestures at you while chanting. The puff of flame hits you!
* * * LOW HITPOINT WARNING * * *
You hit Sigmund.
Sigmund is almost dead.
Sigmund hits you with a +0 scythe!
You die...

##..##########(#.#######.##.#....
...............(<...........'....
....###..#####....#.#######.#....
.##..##..#####.#.##.### #.#....
.###.##.....##.#......# #.#####
.# #..#.###.##.#.####.# #.# ##
##.#.# #.##.#......# #.#####
#.#{###....#..##### #......
#.#.##....##@.# #......
#####.#.##....##@.# #......
....#...##....##..# #......
...(##..##........# #......
........#####.#...#########......
....#..)# #.#...........##.....
........# #.#.(......##.##.#.#.
..##....# #.#.####<#.##......#.
...#..#.# #.#......#.....^...#.


You could see Sigmund.

Vanquished Creatures
  An ogre (D:3)
  An orc priest (D:4)
  A hound (D:3)
  Jessica (D:3)
  Ijyb (D:4)
  An orc wizard (D:4)
  3 worker ants (D:4)
  6 adders
  An ooze (D:3)
  An adder skeleton (D:4)
  A worm (D:3)
  3 dart slugs
  2 leopard geckos
  14 orcs
  3 giant cockroaches
  5 goblins
  4 hobgoblins
  8 jackals
  A quokka (D:2)
  2 ball pythons
  7 bats
  3 frilled lizards
  11 kobolds
  A leopard gecko skeleton (D:4)
  9 rats
91 creatures vanquished.

Notes
Turn   | Place    | Note
-------+----------+-------------------------------------------
     0 | D:1      | Froggeryz the Gargoyle Hedge Wizard began the quest for the
                  | Orb.
     0 | D:1      | Reached XP level 1. HP: 10/10 MP: 4/4
   165 | D:1      | Reached skill level 1 in Fighting
   379 | D:1      | Reached XP level 2. HP: 8/16 MP: 6/6
   690 | D:1      | Reached skill level 1 in Maces & Flails
  1297 | D:2      | Reached XP level 3. HP: 18/21 MP: 7/7
  1655 | D:2      | Reached skill level 2 in Maces & Flails
  2123 | D:3      | Noticed Grinder
  2124 | D:3      | Paralysed by Grinder for 7 turns
  2148 | D:3      | Paralysed by Grinder for 3 turns
  2169 | D:2      | Paralysed by Grinder for 6 turns
  2459 | D:3      | Noticed Sigmund
  2495 | D:3      | Found a sparkling altar of Nemelex Xobeh.
  2520 | D:3      | Reached skill level 1 in Shields
  2520 | D:3      | Reached XP level 4. HP: 26/26 MP: 8/8
  3120 | D:3      | Noticed Jessica
  3129 | D:3      | Killed Jessica
  3130 | D:3      | Reached skill level 3 in Maces & Flails
  3130 | D:3      | Reached XP level 5. HP: 23/30 MP: 9/9
  3377 | D:4      | Noticed an ogre
  3392 | D:3      | Killed an ogre
  3393 | D:3      | Reached skill level 4 in Maces & Flails
  3682 | D:4      | Noticed Ijyb
  3762 | D:4      | Killed Ijyb
  3763 | D:4      | Reached XP level 6. HP: 35/35 MP: 10/10
  3980 | D:4      | Found a runed translucent door.
  4610 | D:4      | Reached skill level 5 in Maces & Flails
  4736 | D:4      | Found a runed translucent door.
  4769 | D:4      | Noticed KamiKatze's ghost (amateur GrAr)
  5526 | D:4      | Reached XP level 7. HP: 37/40 MP: 11/11
  5863 | D:3      | Slain by Sigmund

Illustrated notes

Levels and vault maps discovered:
D:1:      dpeg_arrival_pond, layout_basic
D:2:      layout_basic
D:3:      layout_basic, nicolae_overflow_crystal_walls, hex_tiny, uniq_grinder,
          uniq_sigmund, uniq_jessica
D:4:      layout_cave_pods, ebering_ghost_sewer_f, uniq_ijyb

Skill      XL: |  1  2  3  4  5  6 |
---------------+-------------------+-----
Fighting       | 1 2 |  2.1
Maces & Flails | 1 2 3 4 5 |  5.4
Shields        | 1 2 3 |  3.7
Dodging        | |  1.5
Stealth        | |  2.1
Spellcasting   | |  3.0
Conjurations   | |  1.1
Summonings     | |  0.8
Translocations | |  0.8

Action                   |  1- 3 |  4- 6 |  7- 9 || total
-------------------------+-------+-------+-------++-------
Melee: Dagger            |    39 |       |       ||    39
       Mace              |   184 |   264 |    10 ||   458
       Unarmed           |       |    11 |       ||    11
Throw: Dart              |       |    20 |    14 ||    34
 Cast: Magic Dart        |     7 |       |       ||     7
  Use: Scroll            |     8 |     2 |       ||    10
       Potion            |     3 |     2 |       ||     5
 Stab: Sleeping          |     2 |       |       ||     2
Armor: Robe              |    22 |       |       ||    22
       Ring mail         |   110 |   100 |       ||   210
       Scale mail        |       |    85 |     9 ||    94
Dodge: Dodged            |   194 |   157 |     5 ||   356
Block: Buckler           |       |    37 |       ||    37
